[Event "FICS rated blitz game"]
[Site "FICS freechess.org"]
[FICSGamesDBGameNo "20001599"]
[White "twins"]
[Black "misterd"]
[WhiteElo "1277"]
[BlackElo "1329"]
[WhiteRD "na"]
[BlackRD "na"]
[TimeControl "180+0"]
[Date "1999.09.03"]
[Time "13:35:00"]
[WhiteClock "0:03:00.000"]
[BlackClock "0:03:00.000"]
[ECO "C68"]
[PlyCount "103"]
[Result "1-0"]

1. e4 e5 2. Nf3 Nc6 3. Bb5 a6 4. Bxc6 bxc6 5. Nxe5 Qe7 6. Nf3 Qxe4+ 7. Qe2 Qxe2+ 8. Kxe2 d5 9. Re1 Bg4 10. Kf1+ Be7 11. Nd4 Bd7 12. d3 Nf6 13. Bg5 h6 14. Bxf6 gxf6 15. Nc3 Be6 16. Nxe6 fxe6 17. Rxe6 Kd7 18. Rae1 Rae8 19. R6e3 Bd6 20. Rxe8 Rxe8 21. g3 Bb4 22. a3 Bxc3 23. bxc3 Rb8 24. Ke2 Rb2 25. Kd2 Ra2 26. Rb1 Rxa3 27. Rb8 Ra1 28. Rh8 Rf1 29. Ke2 Rc1 30. Kd2 Rf1 31. Ke3 Rc1 32. Rxh6 Rxc2 33. Rxf6 a5 34. c4 a4 35. h4 a3 36. Rf7+ Ke6 37. Rxc7 a2 38. Ra7 dxc4 39. dxc4 Kd6 40. Ra5 Rc3+ 41. Kf4 Rxc4+ 42. Kg5 Rc2 43. f4 Rg2 44. Kg4 c5 45. h5 c4 46. h6 Rh2 47. Kg5 c3 48. Ra8 c2 49. h7 Rxh7 50. Rxa2 c1=Q 51. Ra6+ Kd5 52. Ra5+ {Black forfeits on time} 1-0

[Event "FICS rated blitz game"]
[Site "FICS freechess.org"]
[FICSGamesDBGameNo "20001598"]
[White "spalpeen"]
[Black "cong"]
[WhiteElo "1594"]
[BlackElo "1692"]
[WhiteRD "na"]
[BlackRD "na"]
[TimeControl "300+0"]
[Date "1999.09.03"]
[Time "09:26:00"]
[WhiteClock "0:05:00.000"]
[BlackClock "0:05:00.000"]
[ECO "B30"]
[PlyCount "83"]
[Result "1-0"]

1. e4 c5 2. Nf3 Nc6 3. Bc4 e6 4. Nc3 a6 5. d4 b5 6. Be2 cxd4 7. Nxd4 Bb7 8. Be3 Nf6 9. f3 Bb4 10. Nxc6 Bxc3+ 11. bxc3 Bxc6 12. O-O O-O 13. c4 b4 14. Bg5 Qb6+ 15. Kh1 Ne8 16. Be7 Nc7 17. Bxf8 Rxf8 18. Qd2 a5 19. c3 Na6 20. cxb4 axb4 21. Rab1 Qc5 22. Rfd1 Rd8 23. h3 Ba4 24. Rdc1 Qf2 25. Rb2 Bc6 26. c5 Nxc5 27. Rxc5 Qxc5 28. Rxb4 d5 29. exd5 Bxd5 30. Qb2 Qd6 31. a4 Ra8 32. Bb5 Rc8 33. a5 h6 34. a6 Ba8 35. Rg4 e5 36. a7 Qb6 37. Qxe5 f6 38. Qh5 Qxa7 39. Qxh6 Rc1+ 40. Kh2 Qc7+ 41. Qf4 Rc2 42. Bc4+ {Black forfeits on time} 1-0

[Event "FICS rated blitz game"]
[Site "FICS freechess.org"]
[FICSGamesDBGameNo "20001597"]
[White "fastmat"]
[Black "Jeggi"]
[WhiteElo "1445"]
[BlackElo "1705"]
[WhiteRD "na"]
[BlackRD "na"]
[TimeControl "180+0"]
[Date "1999.09.03"]
[Time "06:27:00"]
[WhiteClock "0:03:00.000"]
[BlackClock "0:03:00.000"]
[ECO "C42"]
[PlyCount "96"]
[Result "0-1"]

1. e4 e5 2. Nf3 Nf6 3. Nxe5 d6 4. Nxf7 Kxf7 5. d4 g6 6. Bc4+ Kg7 7. Bg5 Be7 8. O-O Rf8 9. f4 h6 10. Bxf6+ Bxf6 11. e5 dxe5 12. fxe5 Be7 13. Rxf8 Qxf8 14. Nc3 Nc6 15. Qd2 Bf5 16. Rf1 h5 17. Ne4 Rd8 18. c3 Nxe5 19. Bb3 Ng4 20. h3 Nf6 21. Nxf6 Bxf6 22. g4 hxg4 23. hxg4 Bxg4 24. Qf4 Bf5 25. Qxc7+ Rd7 26. Qg3 Qh8 27. Rxf5 Qh4 28. Qxh4 Bxh4 29. Re5 Bf6 30. Re4 g5 31. d5 b6 32. Re2 a5 33. c4 Rd8 34. Kg2 Rh8 35. Ba4 Rh4 36. b3 Rg4+ 37. Kf3 Rg1 38. Bd7 g4+ 39. Bxg4 Rc1 40. Ke4 a4 41. d6 axb3 42. axb3 Ra1 43. Kd5 Ra8 44. Kc6 Rh8 45. Kxb6 Rd8 46. c5 Rb8+ 47. Kc7 Rd8 48. d7 Kf8 {White forfeits on time} 0-1

[Event "FICS rated standard game"]
[Site "FICS freechess.org"]
[FICSGamesDBGameNo "20001596"]
[White "Sye"]
[Black "VDCHESS"]
[WhiteElo "1290"]
[BlackElo "1603"]
[WhiteRD "na"]
[BlackRD "na"]
[TimeControl "480+20"]
[Date "1999.09.03"]
[Time "06:00:00"]
[WhiteClock "0:08:00.000"]
[BlackClock "0:08:00.000"]
[ECO "B30"]
[PlyCount "82"]
[Result "0-1"]

1. e4 c5 2. Bc4 Nc6 3. Nf3 e6 4. O-O Nf6 5. Nc3 a6 6. d4 cxd4 7. Nxd4 Nxd4 8. Qxd4 d6 9. e5 dxe5 10. Qxe5 Bd6 11. Qg5 O-O 12. f4 Qc7 13. h4 Qxc4 14. h5 Qc5+ 15. Kh1 Qxg5 16. fxg5 Nxh5 17. Ne4 Be7 18. g4 Nf4 19. Rxf4 Bxg5 20. Rf3 Bxc1 21. Rxc1 b5 22. a3 Bb7 23. Re3 Bxe4+ 24. Rxe4 Rfd8 25. c4 Rd2 26. b4 bxc4 27. Rcxc4 h6 28. Rc6 Rdd8 29. Kg2 Rdc8 30. Rd6 Rd8 31. Rc6 Kf8 32. Kf3 Rd3+ 33. Re3 Rxe3+ 34. Kxe3 Ke7 35. Ke4 Kd7 36. Rb6 g6 37. Ke5 Ra7 38. Kf6 h5 39. Kxf7 hxg4 40. Rxe6 Rc7 41. Rxg6 Kc8+ {White forfeits on time} 0-1

[Event "FICS rated lightning game"]
[Site "FICS freechess.org"]
[FICSGamesDBGameNo "20001595"]
[White "fastmat"]
[Black "Ulisse"]
[WhiteElo "1720"]
[BlackElo "1873"]
[WhiteRD "na"]
[BlackRD "na"]
[TimeControl "60+0"]
[Date "1999.09.03"]
[Time "05:37:00"]
[WhiteClock "0:01:00.000"]
[BlackClock "0:01:00.000"]
[ECO "B08"]
[PlyCount "52"]
[Result "0-1"]

1. e4 g6 2. d4 Bg7 3. Nf3 d6 4. Be2 Nf6 5. Nc3 O-O 6. Bg5 Bg4 7. O-O Bxf3 8. Bxf3 Nbd7 9. Qd2 c6 10. Bh6 Rc8 11. Bxg7 Kxg7 12. Be2 b5 13. f4 b4 14. Nd1 Nxe4 15. Qe3 Ndf6 16. f5 Qb6 17. Kh1 d5 18. fxg6 hxg6 19. Bf3 Rh8 20. h3 Qc7 21. Bxe4 Nxe4 22. Rf3 Rh5 23. Nf2 Ng5 24. Rg3 Ne4 25. Nxe4 dxe4 26. Qxe4 Qxg3 {White forfeits on time} 0-1

[Event "FICS rated blitz game"]
[Site "FICS freechess.org"]
[FICSGamesDBGameNo "20001594"]
[White "jimmybadger"]
[Black "Mika"]
[WhiteElo "1756"]
[BlackElo "1928"]
[WhiteRD "na"]
[BlackRD "na"]
[TimeControl "300+0"]
[Date "1999.09.03"]
[Time "05:30:00"]
[WhiteClock "0:05:00.000"]
[BlackClock "0:05:00.000"]
[ECO "B32"]
[PlyCount "72"]
[Result "1-0"]

1. e4 c5 2. Nf3 Nc6 3. d4 cxd4 4. c3 dxc3 5. Bc4 e6 6. O-O d6 7. Re1 Be7 8. Nxc3 Nf6 9. Bf4 O-O 10. Qd2 a6 11. Rad1 b5 12. Bb3 e5 13. Bg3 Be6 14. Bxe6 fxe6 15. Qc2 Qc7 16. Ng5 Nd8 17. Qb3 Qc4 18. Qxc4 bxc4 19. Rc1 Nh5 20. Nf3 Nf4 21. Bxf4 exf4 22. Na4 Rc8 23. Nb6 Rc6 24. Nxc4 Bf6 25. b3 d5 26. e5 Be7 27. Na5 Rxc1 28. Rxc1 Nf7 29. Nc6 Ba3 30. Rc2 g5 31. h3 h5 32. Nfd4 Re8 33. b4 Kf8 34. Nf3 Rc8 35. Nfd4 Kg8 36. Ne7+ Kg7 {Black resigns} 1-0

[Event "FICS rated blitz game"]
[Site "FICS freechess.org"]
[FICSGamesDBGameNo "20001593"]
[White "Fersan"]
[Black "Jeggi"]
[WhiteElo "1643"]
[BlackElo "1712"]
[WhiteRD "na"]
[BlackRD "na"]
[TimeControl "180+0"]
[Date "1999.09.03"]
[Time "05:17:00"]
[WhiteClock "0:03:00.000"]
[BlackClock "0:03:00.000"]
[ECO "C42"]
[PlyCount "71"]
[Result "1-0"]

1. e4 e5 2. Nf3 Nf6 3. Bc4 Nxe4 4. d3 Nf6 5. Nxe5 d5 6. Bb3 Bd6 7. d4 h6 8. O-O O-O 9. Nc3 Nc6 10. Nxd5 Nxe5 11. dxe5 Bxe5 12. Nxf6+ Qxf6 13. Be3 Bf5 14. Qe2 Rfd8 15. Rad1 b6 16. c3 c5 17. Qa6 Qe7 18. Qe2 Rac8 19. Qc4 Be6 20. Qb5 Bxb3 21. axb3 Qc7 22. Qa6 Bxh2+ 23. Kh1 Be5 24. Qe2 Qe7 25. Qf3 Qh4+ 26. Qh3 Qxh3+ 27. gxh3 Kf8 28. Kg2 Ke7 29. f4 Bc7 30. Rde1 Rd3 31. Bxc5+ Kd8 32. Bd4 Rd2+ 33. Kf3 f6 34. Rg1 Rxb2 35. Rxg7 Bd6 36. Bxf6+ {Black resigns} 1-0

[Event "FICS rated standard game"]
[Site "FICS freechess.org"]
[FICSGamesDBGameNo "20001592"]
[White "VELOO"]
[Black "Barnabas"]
[WhiteElo "1705"]
[BlackElo "1569"]
[WhiteRD "na"]
[BlackRD "na"]
[TimeControl "960+12"]
[Date "1999.09.03"]
[Time "00:29:00"]
[WhiteClock "0:16:00.000"]
[BlackClock "0:16:00.000"]
[ECO "A42"]
[PlyCount "52"]
[Result "0-1"]

1. d4 g6 2. c4 Bg7 3. Nc3 d6 4. e4 Nd7 5. f3 e5 6. d5 Ngf6 7. g4 O-O 8. h4 h5 9. gxh5 Nxh5 10. Nge2 Nb6 11. b3 Nd7 12. Be3 c6 13. Qd2 Kh7 14. Bh3 Ndf6 15. O-O-O Bxh3 16. Rxh3 a5 17. dxc6 bxc6 18. Qxd6 Qc8 19. Rh2 Re8 20. Na4 Bf8 21. Nb6 Qb7 22. Qd2 Red8 23. Qb2 Rxd1+ 24. Kxd1 Rd8+ 25. Kc1 Nf4 26. Qxe5 Nd3+ {White resigns} 0-1

[Event "FICS rated blitz game"]
[Site "FICS freechess.org"]
[FICSGamesDBGameNo "20001591"]
[White "Gaus"]
[Black "Nikun"]
[WhiteElo "2038"]
[BlackElo "2106"]
[WhiteRD "na"]
[BlackRD "na"]
[TimeControl "300+0"]
[Date "1999.09.02"]
[Time "16:46:00"]
[WhiteClock "0:05:00.000"]
[BlackClock "0:05:00.000"]
[ECO "C00"]
[PlyCount "108"]
[Result "0-1"]

1. e4 e6 2. d3 d5 3. Nd2 Nf6 4. Ngf3 Nc6 5. g3 dxe4 6. dxe4 Bc5 7. Bg2 O-O 8. O-O e5 9. h3 a5 10. c3 b6 11. Nb3 Nxe4 12. Nxc5 Nxc5 13. Qxd8 Rxd8 14. Nxe5 Nxe5 15. Bxa8 Ba6 16. Bf4 Bxf1 17. Bxe5 Rxa8 18. Kxf1 Ne6 19. Rd1 f6 20. Bd4 Rd8 21. Ke2 Nxd4+ 22. cxd4 Kf7 23. Rc1 Rd7 24. Ke3 Ke6 25. Ke4 Kd6 26. Kd3 Re7 27. Rc2 Re1 28. Re2 Rxe2 29. Kxe2 Kd5 30. Kd3 b5 31. b3 h5 32. h4 g6 33. f3 g5 34. Ke3 gxh4 35. gxh4 f5 36. Kf4 Kxd4 37. Kxf5 c5 38. f4 c4 39. bxc4 bxc4 40. Kg6 c3 41. f5 c2 42. f6 c1=Q 43. f7 Qc8 44. Kg7 Qd7 45. Kg8 Qe6 46. Kg7 Qg4+ 47. Kh7 Qf5+ 48. Kg7 Ke4 49. f8=Q Qxf8+ 50. Kxf8 Kf4 51. Ke7 Kg4 52. Kd6 Kxh4 53. Kc5 Kg4 54. Kb5 h4 {White resigns} 0-1

[Event "FICS rated blitz game"]
[Site "FICS freechess.org"]
[FICSGamesDBGameNo "20001590"]
[White "Slammer"]
[Black "langedrag"]
[WhiteElo "1545"]
[BlackElo "1290"]
[WhiteRD "na"]
[BlackRD "na"]
[TimeControl "300+0"]
[Date "1999.09.02"]
[Time "15:59:00"]
[WhiteClock "0:05:00.000"]
[BlackClock "0:05:00.000"]
[ECO "B07"]
[PlyCount "57"]
[Result "1-0"]

1. e4 d6 2. d4 e6 3. Nc3 a6 4. Nf3 b6 5. Be3 Bb7 6. Bd3 Nd7 7. Qe2 Be7 8. O-O g5 9. Nd2 f6 10. f4 Nf8 11. fxg5 Ng6 12. gxf6 Nxf6 13. Bg5 Rf8 14. Bxf6 Bxf6 15. Qh5 Qe7 16. e5 dxe5 17. Bxg6+ hxg6 18. Qxg6+ Rf7 19. dxe5 Qc5+ 20. Kh1 Qxe5 21. Rae1 Qd4 22. Rxe6+ Kf8 23. Rfxf6 Bxg2+ 24. Kxg2 Qxd2+ 25. Re2 Qxe2+ 26. Nxe2 Rxf6 27. Qxf6+ Ke8 28. Qc6+ Ke7 29. Qxa8 {Black resigns} 1-0

[Event "FICS rated blitz game"]
[Site "FICS freechess.org"]
[FICSGamesDBGameNo "20001589"]
[White "Nautiluschess"]
[Black "mrkonk"]
[WhiteElo "1212"]
[BlackElo "1204"]
[WhiteRD "na"]
[BlackRD "na"]
[TimeControl "600+0"]
[Date "1999.09.02"]
[Time "13:36:00"]
[WhiteClock "0:10:00.000"]
[BlackClock "0:10:00.000"]
[ECO "B01"]
[PlyCount "83"]
[Result "1-0"]

1. e4 d5 2. exd5 Qxd5 3. Nc3 Qe5+ 4. Be2 Bg4 5. Nf3 Bxf3 6. gxf3 Nf6 7. d4 Qa5 8. Bd2 Nc6 9. Ne4 Qd5 10. Nxf6+ exf6 11. Bc3 Bb4 12. Qd3 O-O 13. O-O-O Bxc3 14. bxc3 Rfe8 15. c4 Qg5+ 16. Kb1 Nb4 17. Qd2 Qf5 18. a3 Nc6 19. Bd3 Qd7 20. d5 Ne5 21. Rhg1 g6 22. Qh6 Nxf3 23. Rg3 Nd4 24. Rh3 Qxh3 25. Qxh3 h5 26. Rg1 Kg7 27. Qxh5 Re1+ 28. Rxe1 gxh5 29. Re7 Rc8 30. d6 cxd6 31. Rxb7 a5 32. Ra7 Rc5 33. Rd7 Rc6 34. c5 dxc5 35. Bc4 Rb6+ 36. Ka2 Nxc2 37. Rxf7+ Kg6 38. Ra7 Rd6 39. Rxa5 Rd2 40. Rxc5 Rxf2 41. Bd3+ f5 42. Rxc2 {Black forfeits on time} 1-0

[Event "FICS rated standard game"]
[Site "FICS freechess.org"]
[FICSGamesDBGameNo "20001588"]
[White "twelveknights"]
[Black "Zahlman"]
[WhiteElo "1507"]
[BlackElo "1411"]
[WhiteRD "na"]
[BlackRD "na"]
[TimeControl "1500+10"]
[Date "1999.09.02"]
[Time "13:22:00"]
[WhiteClock "0:25:00.000"]
[BlackClock "0:25:00.000"]
[ECO "C62"]
[PlyCount "65"]
[Result "1-0"]

1. e4 e5 2. Nf3 d6 3. d4 Nc6 4. Bb5 Bd7 5. Bxc6 Bxc6 6. d5 Bb5 7. b3 c6 8. c4 Ba6 9. Ng5 h6 10. Nf3 Nf6 11. Nc3 cxd5 12. exd5 e4 13. Nd2 Qe7 14. O-O e3 15. Re1 exf2+ 16. Kxf2 Qxe1+ 17. Qxe1+ Kd7 18. Nde4 Ng4+ 19. Kg1 Re8 20. Qg3 Nf6 21. Ba3 Nxe4 22. Qh3+ Kc7 23. Re1 Ng5 24. Rxe8 Nxh3+ 25. gxh3 Kd7 26. Ra8 Kc7 27. Bb2 g5 28. Ne4 Rg8 29. Nf6 Rh8 30. Ne8+ Kd7 31. Bxh8 b5 32. Nf6+ Ke7 33. Re8# {Black checkmated} 1-0

[Event "FICS rated blitz game"]
[Site "FICS freechess.org"]
[FICSGamesDBGameNo "20001587"]
[White "ChessRambo"]
[Black "KSKmaster"]
[WhiteElo "1736"]
[BlackElo "1537"]
[WhiteRD "na"]
[BlackRD "na"]
[TimeControl "180+0"]
[Date "1999.09.02"]
[Time "12:02:00"]
[WhiteClock "0:03:00.000"]
[BlackClock "0:03:00.000"]
[ECO "D53"]
[PlyCount "68"]
[Result "1-0"]

1. d4 d5 2. c4 e6 3. Nc3 Nf6 4. Nf3 Be7 5. Bg5 Nbd7 6. e3 c5 7. Rc1 b6 8. Bd3 O-O 9. O-O Bb7 10. Qe2 dxc4 11. Bxc4 h6 12. Bh4 a6 13. a4 Ne4 14. Bxe7 Qxe7 15. d5 Nxc3 16. Rxc3 exd5 17. Bd3 Rfe8 18. Rfc1 d4 19. Rb3 dxe3 20. fxe3 Kh8 21. Bf5 Nf6 22. Rxb6 Nd5 23. Rxb7 Qxb7 24. Bb1 Rxe3 25. Qc2 g6 26. Qxc5 Rae8 27. Qa5 Qxb2 28. Rf1 Nf4 29. Nh4 g5 30. Qf5 Ne2+ 31. Kh1 Ng3+ 32. hxg3 Qg7 33. Nf3 Ra3 34. Qd7 Rf8 {Black forfeits on time} 1-0

[Event "FICS rated blitz game"]
[Site "FICS freechess.org"]
[FICSGamesDBGameNo "20001586"]
[White "noMorphy"]
[Black "amontes"]
[WhiteElo "1782"]
[BlackElo "1637"]
[WhiteRD "na"]
[BlackRD "na"]
[TimeControl "240+0"]
[Date "1999.09.02"]
[Time "11:01:00"]
[WhiteClock "0:04:00.000"]
[BlackClock "0:04:00.000"]
[ECO "B30"]
[PlyCount "71"]
[Result "1-0"]

1. e4 c5 2. Nf3 Nc6 3. Nc3 d6 4. Bb5 g6 5. d3 Bg7 6. Bxc6+ bxc6 7. O-O Nf6 8. Be3 O-O 9. h3 Rb8 10. Rb1 Be6 11. Qd2 d5 12. Bxc5 dxe4 13. dxe4 Qxd2 14. Nxd2 Rfe8 15. Nb3 a6 16. Rbd1 Bc4 17. Rfe1 e6 18. Nd2 Bb5 19. a4 Nd7 20. Bd6 Bxa4 21. Nxa4 Rb5 22. c4 Rg5 23. f4 Rh5 24. Nf3 Nf6 25. Be5 Kf8 26. Bxf6 Bxf6 27. e5 Bg7 28. Nc5 Rb8 29. Nd7+ Ke7 30. Nxb8 f6 31. Rd7+ Ke8 32. Rxg7 fxe5 33. Rxe5 Kf8 34. Rxh5 Kxg7 35. Ra5 c5 36. Rxa6 {Black resigns} 1-0

[Event "FICS rated blitz game"]
[Site "FICS freechess.org"]
[FICSGamesDBGameNo "20001585"]
[White "kici"]
[Black "Kaboutertje"]
[WhiteElo "1812"]
[BlackElo "1771"]
[WhiteRD "na"]
[BlackRD "na"]
[TimeControl "120+6"]
[Date "1999.09.02"]
[Time "10:45:00"]
[WhiteClock "0:02:00.000"]
[BlackClock "0:02:00.000"]
[ECO "B73"]
[PlyCount "61"]
[Result "1-0"]

1. e4 c5 2. Nf3 d6 3. d4 cxd4 4. Nxd4 Nf6 5. Nc3 g6 6. Be3 Bg7 7. Be2 O-O 8. O-O Nc6 9. Kh1 Bd7 10. Nb3 Rc8 11. f4 a6 12. Bf3 Na5 13. e5 dxe5 14. fxe5 Nc4 15. Bf4 Nxb2 16. Qc1 Rxc3 17. Qxb2 Rxf3 18. Rxf3 Nh5 19. Be3 Bc6 20. Rf2 Qd5 21. Qd4 Bxe5 22. Qxd5 Bxd5 23. Rd1 Bc6 24. Nd4 Bxd4 25. Bxd4 Rd8 26. Rfd2 Nf4 27. Be3 Bxg2+ 28. Kg1 Rxd2 29. Rxd2 Nd5 30. Bg5 Be4 31. c4 {Black forfeits on time} 1-0

[Event "FICS rated blitz game"]
[Site "FICS freechess.org"]
[FICSGamesDBGameNo "20001584"]
[White "FreedomTwo"]
[Black "Psolis"]
[WhiteElo "1785"]
[BlackElo "1701"]
[WhiteRD "na"]
[BlackRD "na"]
[TimeControl "180+0"]
[Date "1999.09.02"]
[Time "09:48:00"]
[WhiteClock "0:03:00.000"]
[BlackClock "0:03:00.000"]
[ECO "B19"]
[PlyCount "32"]
[Result "1-0"]

1. e4 c6 2. d4 d5 3. Nc3 dxe4 4. Nxe4 Bf5 5. Ng3 Bg6 6. h4 h6 7. h5 Bh7 8. Nf3 Nd7 9. Bd3 Bxd3 10. Qxd3 Qc7 11. Bd2 Ngf6 12. O-O-O O-O-O 13. c4 e5 14. dxe5 Nxe5 15. Qf5+ Ned7 16. Bf4 Qa5 {Black resigns} 1-0

[Event "FICS rated blitz game"]
[Site "FICS freechess.org"]
[FICSGamesDBGameNo "20001583"]
[White "Neric"]
[Black "Imi"]
[WhiteElo "1750"]
[BlackElo "1641"]
[WhiteRD "na"]
[BlackRD "na"]
[TimeControl "300+0"]
[Date "1999.09.02"]
[Time "09:00:00"]
[WhiteClock "0:05:00.000"]
[BlackClock "0:05:00.000"]
[ECO "A40"]
[PlyCount "62"]
[Result "0-1"]

1. d4 b5 2. e4 b4 3. Bd3 Nc6 4. Nf3 g6 5. a3 Bg7 6. Be3 Bb7 7. O-O a5 8. c3 Nf6 9. Re1 h5 10. Bf1 Ng4 11. Bc1 Qb8 12. axb4 axb4 13. Rxa8 Qxa8 14. h3 Nf6 15. Qb3 bxc3 16. Nxc3 O-O 17. e5 Nh7 18. d5 Na5 19. Qb4 Bxd5 20. Nxd5 Qxd5 21. Qxe7 Nc6 22. Qa3 Nxe5 23. Nxe5 Bxe5 24. Be3 Ra8 25. Qe7 Bxb2 26. Be2 Qe6 27. Qb4 Be5 28. Bf3 Re8 29. Rd1 Bd6 30. Qb5 Qe5 31. g3 Qxb5 {White resigns} 0-1

[Event "FICS rated blitz game"]
[Site "FICS freechess.org"]
[FICSGamesDBGameNo "20001582"]
[White "Alechine"]
[Black "feher"]
[WhiteElo "1301"]
[BlackElo "1375"]
[WhiteRD "na"]
[BlackRD "na"]
[TimeControl "300+12"]
[Date "1999.09.02"]
[Time "08:59:00"]
[WhiteClock "0:05:00.000"]
[BlackClock "0:05:00.000"]
[ECO "E81"]
[PlyCount "37"]
[Result "1-0"]

1. d4 Nf6 2. c4 g6 3. Nc3 Bg7 4. e4 O-O 5. Be3 d6 6. f3 c5 7. d5 Nbd7 8. Qd2 b6 9. Bh6 Ne5 10. Nh3 Bb7 11. Be2 Qd7 12. g4 Rab8 13. Nf2 e6 14. g5 Ne8 15. f4 Bxh6 16. gxh6 Nf6 17. fxe5 dxe5 18. Qg5 exd5 19. Qxf6 {Black resigns} 1-0

[Event "FICS rated standard game"]
[Site "FICS freechess.org"]
[FICSGamesDBGameNo "20001577"]
[White "Terniaku(FM)"]
[Black "Schmenger"]
[WhiteElo "2157"]
[BlackElo "2109"]
[WhiteRD "na"]
[BlackRD "na"]
[TimeControl "900+0"]
[Date "1999.09.02"]
[Time "08:55:00"]
[WhiteClock "0:15:00.000"]
[BlackClock "0:15:00.000"]
[ECO "B33"]
[PlyCount "107"]
[Result "1-0"]

1. e4 c5 2. Nf3 Nc6 3. d4 cxd4 4. Nxd4 Nf6 5. Nc3 e5 6. Ndb5 d6 7. Bg5 a6 8. Na3 b5 9. Bxf6 gxf6 10. Nd5 f5 11. Bd3 Be6 12. Qh5 Rg8 13. O-O f4 14. c4 Nd4 15. Kh1 Bg4 16. Qxh7 Rg6 17. f3 Rh6 18. Qxh6 Bxh6 19. fxg4 Rb8 20. cxb5 axb5 21. Rac1 Rb7 22. Nxb5 f3 23. Rc8 Nxb5 24. Rxd8+ Kxd8 25. gxf3 Nd4 26. b3 Ra7 27. a4 Nxb3 28. Bb5 Nd4 29. Kg2 Rb7 30. Rb1 Bd2 31. Bd3 Rxb1 32. Bxb1 Ne2 33. Bd3 Nf4+ 34. Nxf4 Bxf4 35. a5 Kc7 36. Bc4 f6 37. h4 Bd2 38. a6 Kb6 39. Kf1 Bf4 40. Ke2 Bg3 41. h5 Bf4 42. Kd3 Bg5 43. Kc3 Be3 44. Bd3 Kc6 45. Kc4 Kb6 46. Kd5 Bg5 47. Kxd6 Bf4 48. Ke6 Bg5 49. Kf5 Ka7 50. Kg6 Kb6 51. h6 Bxh6 52. Kxh6 Ka7 53. Kg6 Kb6 54. Kxf6 {Black resigns} 1-0

[Event "FICS rated blitz game"]
[Site "FICS freechess.org"]
[FICSGamesDBGameNo "20001576"]
[White "wert"]
[Black "damni"]
[WhiteElo "1527"]
[BlackElo "1389"]
[WhiteRD "na"]
[BlackRD "na"]
[TimeControl "300+0"]
[Date "1999.09.02"]
[Time "08:37:00"]
[WhiteClock "0:05:00.000"]
[BlackClock "0:05:00.000"]
[ECO "D20"]
[PlyCount "79"]
[Result "1-0"]

1. d4 d5 2. c4 dxc4 3. e4 g6 4. Bxc4 Bg7 5. Ne2 Nc6 6. Be3 e5 7. d5 Na5 8. Qa4+ c6 9. dxc6 Nxc6 10. Nbc3 Ne7 11. O-O O-O 12. Rfd1 Qa5 13. Qxa5 Nxa5 14. Bd5 Nec6 15. Nb5 Bd7 16. Nd6 Bf6 17. a3 Be7 18. Bc5 Bxd6 19. Bxd6 Rfd8 20. b4 Bg4 21. f3 Rxd6 22. fxg4 Nxb4 23. axb4 Nc6 24. b5 Nd8 25. Rac1 Rb8 26. Rc7 Rb6 27. Bc4 Ne6 28. Bxe6 Rxe6 29. Rdd7 Rf6 30. Rxb7 Rxb7 31. Rxb7 Rb6 32. Rxb6 axb6 33. Kf2 Kf8 34. g5 Ke7 35. Ke3 f5 36. gxf6+ Kxf6 37. Kd3 Ke6 38. Kc4 Kd6 39. Nc3 Ke6 40. Na4 {Black resigns} 1-0

[Event "FICS rated blitz game"]
[Site "FICS freechess.org"]
[FICSGamesDBGameNo "20001575"]
[White "Rivaldo"]
[Black "FerranGM"]
[WhiteElo "1747"]
[BlackElo "1681"]
[WhiteRD "na"]
[BlackRD "na"]
[TimeControl "180+0"]
[Date "1999.09.02"]
[Time "06:50:00"]
[WhiteClock "0:03:00.000"]
[BlackClock "0:03:00.000"]
[ECO "D15"]
[PlyCount "78"]
[Result "0-1"]

1. Nf3 d5 2. d4 Nf6 3. c4 c6 4. Nc3 dxc4 5. e4 b5 6. e5 Nd5 7. a4 e6 8. axb5 Nxc3 9. bxc3 cxb5 10. Ng5 Bb7 11. Qh5 g6 12. Qg4 h5 13. Qf4 Qd7 14. Ne4 Be7 15. g4 hxg4 16. Qxg4 Rh4 17. Qg3 Rxe4+ 18. Kd1 Rxd4+ 19. cxd4 Qxd4+ 20. Bd2 Qxa1+ 21. Ke2 Bxh1 22. Bg2 Bxg2 23. Qxg2 c3 24. Qxa8 cxd2 25. Qxb8+ Bd8 26. Qxb5+ Kf8 27. Qb4+ Be7 28. Qxd2 Qxe5+ 29. Kf1 Qxh2 30. Qe3 Qh1+ 31. Ke2 Qd5 32. Qxa7 Qc4+ 33. Kd1 Qd3+ 34. Kc1 Bg5+ 35. Kb2 Qb5+ 36. Kc2 Qc4+ 37. Kb2 Bf6+ 38. Ka3 Qc3+ 39. Ka4 Qa1+ {White resigns} 0-1

[Event "FICS rated blitz game"]
[Site "FICS freechess.org"]
[FICSGamesDBGameNo "20001574"]
[White "HitMeHard"]
[Black "sklem"]
[WhiteElo "1741"]
[BlackElo "1279"]
[WhiteRD "na"]
[BlackRD "na"]
[TimeControl "180+0"]
[Date "1999.09.02"]
[Time "02:13:00"]
[WhiteClock "0:03:00.000"]
[BlackClock "0:03:00.000"]
[ECO "C24"]
[PlyCount "61"]
[Result "1-0"]

1. e4 e5 2. Bc4 Nf6 3. d4 exd4 4. Nf3 d6 5. Bg5 Be7 6. Qxd4 Nh5 7. Bxe7 Qxe7 8. Nc3 h6 9. O-O-O Nc6 10. Bb5 Bd7 11. Qe3 O-O 12. Nd5 Qd8 13. Nf4 Nxf4 14. Qxf4 a6 15. Bc4 Qf6 16. Qxf6 gxf6 17. h3 Be6 18. Bb3 Bxb3 19. axb3 Ne5 20. Nd4 Kh7 21. f4 Ng6 22. g3 Rfe8 23. Rhe1 c5 24. Nf3 Rad8 25. Rd3 d5 26. Rxd5 Rxd5 27. exd5 Rxe1+ 28. Nxe1 Ne7 29. c4 Nc8 30. Nd3 Kg6 31. Nxc5 {Black forfeits on time} 1-0

[Event "FICS rated blitz game"]
[Site "FICS freechess.org"]
[FICSGamesDBGameNo "20001573"]
[White "tsar"]
[Black "Monarca"]
[WhiteElo "1426"]
[BlackElo "1420"]
[WhiteRD "na"]
[BlackRD "na"]
[TimeControl "120+12"]
[Date "1999.09.01"]
[Time "21:41:00"]
[WhiteClock "0:02:00.000"]
[BlackClock "0:02:00.000"]
[ECO "D15"]
[PlyCount "50"]
[Result "0-1"]

1. d4 d5 2. c4 c6 3. Nc3 Nf6 4. Nf3 Bf5 5. Bg5 e6 6. e3 Nbd7 7. cxd5 cxd5 8. Nh4 Bg6 9. Nxg6 hxg6 10. Bb5 Bd6 11. Qa4 a6 12. Bd3 b5 13. Qd1 Rxh2 14. Rxh2 Bxh2 15. g3 Qc7 16. Rc1 Bxg3 17. Nxd5 Qb8 18. Nc7+ Bxc7 19. Qf3 Ba5+ 20. Ke2 Ra7 21. Bf4 Qa8 22. Qh3 Ke7 23. Qh2 Qd5 24. b3 Qh5+ 25. Qxh5 gxh5 {White resigns} 0-1

[Event "FICS rated blitz game"]
[Site "FICS freechess.org"]
[FICSGamesDBGameNo "20001571"]
[White "shymcwu"]
[Black "Apogee"]
[WhiteElo "1542"]
[BlackElo "1411"]
[WhiteRD "na"]
[BlackRD "na"]
[TimeControl "180+0"]
[Date "1999.09.01"]
[Time "17:56:00"]
[WhiteClock "0:03:00.000"]
[BlackClock "0:03:00.000"]
[ECO "D38"]
[PlyCount "68"]
[Result "1-0"]

1. d4 d5 2. c4 e6 3. Nc3 Nf6 4. Nf3 Bb4 5. a3 Bxc3+ 6. bxc3 Ne4 7. Qc2 O-O 8. cxd5 exd5 9. e3 Nc6 10. Be2 g6 11. Nd2 Bf5 12. Nxe4 Bxe4 13. Qd2 Bxg2 14. Rg1 Be4 15. Bd3 Bxd3 16. Qxd3 Na5 17. Qb5 b6 18. Bd2 Nc4 19. h4 Qf6 20. h5 Nxd2 21. Kxd2 Qxf2+ 22. Kd3 Qf5+ 23. Kd2 Rae8 24. hxg6 Qf2+ 25. Qe2 Qxe2+ 26. Kxe2 fxg6 27. Raf1 Re4 28. Rxf8+ Kxf8 29. Rg5 Kg7 30. Rxd5 Rh4 31. Rd7+ Kh6 32. Rxc7 Rh2+ 33. Kd3 Ra2 34. Rxa7 b5 {Black resigns} 1-0